 Dungeon Crawl Stone Soup version 0.25-a0-651-g8c222c7a2b (webtiles) character file.

Game seed: 9779794646553144491, levelgen mode: deterministic

247 Conn the Magician (level 6, 0/38 HPs)
             Began as an Octopode Wizard on Mar 22, 2020.
             Slain by an orc wizard
             ... wielding a +0 dagger
              (3 damage)
             ... on level 3 of the Dungeon.
             The game lasted 00:10:17 (3407 turns).

Conn the Magician (Octopode Wizard)                 Turns: 3407, Time: 00:10:17

Health: 0/38       AC:  1    Str:  9    XL:     6   Next: 11%
Magic:  8/12       EV: 14    Int: 20    God:
Gold:   61         SH:  0    Dex: 13    Spells: 3/14 levels left

rFire    . . .     SeeInvis .   p - +5 scythe (venom)
rCold    . . .     Gourm    .   (shield currently unavailable)
rNeg     . . .     Faith    .   a - +0 hat
rPois    .         Spirit   .   q - amulet of harm
rElec    .         Reflect  .   i - +3 ring of dexterity
rCorr    .         Harm     +   (no ring)
MR       .....                  (no ring)
Stlth    ++++......             (no ring)
HPRegen  0.12/turn              (no ring)
MPRegen  0.13/turn              (no ring)
                                (no ring)
                                (no ring)

@: berserk cooldown, flying, hasted and slowed
A: almost no armour, stealthy swim, amphibious, 8 rings, constrict 8, camouflage
1, gelatinous body 1
a: no special abilities


You were on level 3 of the Dungeon.
You were not hungry.

You visited 1 branch of the dungeon, and saw 3 of its levels.

You collected 61 gold pieces.

Inventory:

Hand Weapons
 j - a +0 quarterstaff of draining
 p - a +5 scythe of venom (weapon)
Armour
 a - a +0 hat (worn)
 n - a +0 kite shield
Jewellery
 i - a +3 ring of dexterity (left tentacle)
 q - an amulet of harm (around mantle)
Wands
 o - a wand of flame (24)
Scrolls
 b - a scroll of enchant weapon
 d - 5 scrolls of blinking {unknown}
 e - 2 scrolls of remove curse {unknown}
 g - 3 scrolls of identify {unknown}
 h - 2 scrolls of fear {unknown}
 m - 3 scrolls of teleportation {unknown}
Comestibles
 c - 2 rations


   Skills:
 * Level 1.3 Fighting
 + Level 0.2(0.4) Polearms
 + Level 0.5(0.6) Staves
 + Level 2.4 Dodging
 + Level 4.3 Stealth
 * Level 4.5 Spellcasting
 * Level 2.3 Conjurations
 + Level 1.4 Summonings
 + Level 1.0 Translocations
 + Level 0.2 Fire Magic


You had 3 spell levels left.
You knew the following spells:

 Your Spells              Type           Power        Failure   Level  Hunger
a - Magic Dart            Conj           ##..         4%          1    None
b - Blink                 Tloc           N/A          12%         2    #......
c - Call Imp              Summ           ##......     10%         2    #......
d - Conjure Flame         Conj/Fire      #.......     22%         3    ##.....
e - Mephitic Cloud        Conj/Pois/Air  #.......     26%         3    ##.....

Your spell library contained the following spells:

 Spells                   Type           Power        Failure   Level  Hunger
 Beastly Appendage        Tmut           #.....       12%         1    None
 Slow                     Hex            #.......     19%         2    #......
 Sticks to Snakes         Tmut           #.......     19%         2    #......
 Spider Form              Tmut/Pois      #.........   34%         3    ##.....
 Ice Form                 Ice/Tmut       #.......     77%         4    ####...
 Blade Hands              Tmut           #.........   98%         5    ######.


Dungeon Overview and Level Annotations

Branches:
Dungeon (3/15)

Altars:
Elyvilon


Innate Abilities, Weirdness & Mutations

You cannot wear most types of armour.
You are very stealthy in the water. (Stealth+)
You are amphibious.
You can wear up to eight rings at the same time.
You can use your tentacles to constrict eight enemies at once.
Your skin changes colour to match your surroundings (Stealth+).
Your rubbery body absorbs attacks. (AC +1, EV +1)


Message History

Something hits your iron imp but does no damage.
Your iron imp completely misses something.
You feel your anger nearly subside. Something hits your iron imp.
Your iron imp barely misses something.
You are no longer berserk.
You pass out from exhaustion.
You feel yourself slow down.
Something hits your iron imp but does no damage.
Something hits your iron imp.
You can move again.
Okay, then.
Unknown command.
It was a potion of haste.
You feel yourself speed up.
As you read the scroll labeled SIPRIVARAA, it crumbles to dust.
It is a scroll of enchant weapon.
Your +4 scythe of venom glows red for a moment.
An orc wizard appears from thin air!
Reactivating autopickup.
The orc wizard hits you with a +0 dagger.
You die...

# ########## # #
#........#
############ #
#.######o#
##........... # #.#
#@# ##..#.########
#
#.######.###..###.#
#### ####
#.##...........#.##
#... ...#
#.##.###.#####..##
#..# ##.#
#)##.###.# #.##
#..# ##.#
#........# #.# #..#
.(.# ####.#####
##+## #..# ##.# #.#
##...## #...
##.#### ##+##
##.....## ##.#


You could see an orc wizard.

Vanquished Creatures
  2 orc priests (D:3)
  A gnoll (D:2)
  An adder (D:2)
  2 oozes (D:1)
  3 dart slugs
  A leopard gecko (D:2)
  3 orcs (D:3)
  A giant cockroach (D:2)
  10 goblins
  4 hobgoblins
  2 jackals (D:1)
  5 bats
  3 frilled lizards
  2 kobolds (D:2)
  A rat (D:3)
41 creatures vanquished.

Vanquished Creatures (collateral kills)
  Sigmund (D:2)
  3 gnolls (D:2)
  An adder (D:2)
  A worm (D:1)
6 creatures vanquished.

Grand Total: 47 creatures vanquished

Notes
Turn   | Place    | Note
-------+----------+-------------------------------------------
     0 | D:1      | Conn the Octopode Wizard began the quest for the Orb.
     0 | D:1      | Reached XP level 1. HP: 11/11 MP: 4/4
   298 | D:1      | Reached XP level 2. HP: 17/17 MP: 0/6
   530 | D:1      | Reached XP level 3. HP: 16/21 MP: 8/8
  1462 | D:1      | Learned a level 2 spell: Blink
  1465 | D:1      | Learned a level 2 spell: Call Imp
  1469 | D:1      | Learned a level 3 spell: Conjure Flame
  1998 | D:2      | Reached XP level 4. HP: 15/27 MP: 0/10
  2229 | D:2      | Noticed Sigmund
  2276 | D:1      | Learned a level 3 spell: Mephitic Cloud
  2471 | D:2      | Found a white marble altar of Elyvilon.
  2728 | D:2      | Killed Sigmund
  2728 | D:2      | Reached skill level 1 in Fighting
  2728 | D:2      | Reached XP level 5. HP: 33/33 MP: 2/11
  3368 | D:3      | Reached XP level 6. HP: 23/38 MP: 12/12
  3392 | D:3      | HP: 1/38 [something/puff of flame (12)]
  3407 | D:3      | Slain by an orc wizard

Levels and vault maps discovered:
D:1:      roderic_crossed_star, layout_loops_ring, minmay_misc_feat_nine_boxes
D:2:      layout_basic, elyvilon_altar_1, uniq_sigmund
D:3:      layout_loops_corners, grunt_decor_one_mirror, dk_noncrumbling_3,
          small_statue_intersection, dk_noncrumbling_4, solitary_fountain,
          tso_altar

Skill      XL: |  1  2  3  4  5 |
---------------+----------------+-----
Stealth        | 3 4 |  4.3
Spellcasting   | 4 |  4.5
Fighting       | 1 |  1.3
Conjurations   | 2 |  2.3
Polearms       | |  0.2
Staves         | |  0.5
Dodging        | |  2.4
Summonings     | |  1.4
Translocations | |  1.0
Fire Magic     | |  0.2

Action                   |  1- 3 |  4- 6 || total
-------------------------+-------+-------++-------
Melee: Unarmed           |    65 |       ||    65
       Tentacles         |    16 |     3 ||    19
       Constrict         |    15 |     4 ||    19
       Quarterstaff      |     4 |    10 ||    14
       Scythe            |       |    14 ||    14
 Cast: Magic Dart        |    49 |     5 ||    54
       Call Imp          |     4 |     9 ||    13
       Conjure Flame     |     1 |     2 ||     3
       Mephitic Cloud    |       |     2 ||     2
       Blink             |       |     1 ||     1
  Use: Potion            |       |     3 ||     3
       Scroll            |       |     1 ||     1
 Stab: Sleeping          |     7 |     5 ||    12
  Eat: Chunk             |     3 |     5 ||     8
Armor: Skin              |     4 |       ||     4
Dodge: Dodged            |    47 |    16 ||    63

Table legend:
 A = Non-vault XP
 B = Vault XP
 C = Vault XP percentage of total XP
 D = Non-vault monster count
 E = Vault monster count
 F = Vault count percentage of total count
                 A         B        C        D         E       F
            +---------+---------+-------+---------+---------+-------
      Total |     225 |     129 |  36.4 |      46 |       1 |   2.1
            +---------+---------+-------+---------+---------+-------
        D:1 |      52 |       0 |   0.0 |      20 |       0 |   0.0
        D:2 |      75 |     129 |  63.2 |      17 |       1 |   5.6
        D:3 |      98 |       0 |   0.0 |       9 |       0 |   0.0
            +---------+---------+-------+---------+---------+-------
